 Dungeon Crawl Stone Soup version 0.29.1-2-gbd0b4ee654 (webtiles) character file.

Game seed: 3929157044626920863

122 JayTehDuck the Conjurer (level 4, -2/24 HPs)
             Began as a Deep Elf Conjurer on Nov 14, 2022.
             Slain by a gnoll
             ... wielding a +0 flail
              (7 damage)
             ... on level 3 of the Dungeon.
             The game lasted 00:06:04 (2332 turns).

JayTehDuck the Conjurer (Deep Elf Conjurer)         Turns: 2332, Time: 00:06:04

Health: -2/24      AC:  2    Str:  4    XL:     4   Next: 78%
Magic:  10/12      EV: 12    Int: 25    God:
Gold:   125        SH:  5    Dex: 13    Spells: 9/12 levels left

rFire   . . .      SeeInvis .   (no weapon)
rCold   . . .      Faith    .   (no shield)
rNeg    . . .      Spirit   .   a - +0 robe
rPois   .          Reflect  +   (no helmet)
rElec   .          Harm     .   (no cloak)
rCorr   .          Rampage  .   (no gloves)
Will    .....                   (no boots)
Stlth   ++........              g - amulet of reflection
HPRegen 0.08/turn               (no ring)
MPRegen 0.13/turn               (no ring)

@: no status effects
A: no striking features
a: no special abilities


You were on level 3 of the Dungeon.
You visited 1 branch of the dungeon, and saw 3 of its levels.

You collected 125 gold pieces.

Inventory:

Missiles
 f - 2 throwing nets
Armour
 a - a +0 robe (worn)
Jewellery
 g - an amulet of reflection (around neck)
Scrolls
 c - a scroll of identify
 d - 3 scrolls of magic mapping
 h - a scroll of immolation {unknown}
 l - a scroll of amnesia {unknown}
Potions
 j - a potion of curing {unknown}
 k - a potion of brilliance {unknown}


   Skills:
 + Level 2.6 Dodging
 + Level 2.7 Stealth
 + Level 4.5 Spellcasting
 + Level 6.0 Conjurations


You had 9 spell levels left.
You knew the following spells:

 Your Spells              Type           Power      Damage    Failure   Level
a - Magic Dart            Conj           100%       1d8       1%          1
b - Searing Ray           Conj           70%        2d7       1%          2

Your spell library contained the following spells:

 Spells                   Type           Power      Damage    Failure   Level
 Dazzling Flash           Conj/Hex       40%        N/A       8%          3
 Fulminant Prism          Conj/Hex       10%        3d9       26%         4
 Iskenderun's Mystic Bla  Conj/Tloc      20%        2d6       26%         4


Dungeon Overview and Level Annotations

Branches:
Dungeon (3/15)

Altars:

Annotations:
D:3 2 transporters


Message History

Found a stone staircase leading down.
You can't see any susceptible monsters within range! (Use Z to cast anyway.)
There is a stone staircase leading down here.
Found a stone staircase leading down.
You can't see any susceptible monsters within range! (Use Z to cast anyway.)
There is a stone staircase leading down here.
Found a mace.
You can't see any susceptible monsters within range! (Use Z to cast anyway.)
You now have 125 gold pieces (gained 18). 3 gnolls and a frilled lizard come into view.
The gnoll shouts! x2
The magic dart hits the gnoll.
The gnoll is lightly wounded.
The gnoll shouts!
You hear a shout!
There are monsters nearby!
The magic dart hits the gnoll.
The gnoll is lightly wounded.
A gnoll comes into view. It is wielding a +0 club.
There are monsters nearby!
The magic dart hits the gnoll.
The gnoll is moderately wounded.
The gnoll hits you with a +0 flail.
There are monsters nearby!
The magic dart hits the gnoll.
The gnoll is severely wounded.
The gnoll hits you with a +0 flail!
There are monsters nearby!
There are monsters nearby!
There are monsters nearby!
There are monsters nearby!
The gnoll attacks as you move away! The gnoll hits you but does no damage.
As you read the scroll labelled KACOTTYLUK, it crumbles to dust.
It is a scroll of enchant weapon.
You aren't carrying any weapons that can be enchanted.
The gnoll hits you with a +0 flail!
* * * LOW HITPOINT WARNING * * *
The gnoll attacks as you move away! The gnoll closely misses you.
The gnoll attacks as you move away! The gnoll closely misses you.
The gnoll attacks as you move away! The gnoll hits you with a +0 flail!
You die...

##.#......###..#
#............###
###.............#
#...............##
#............#...#
#.......####......
#l#.....# #......
#g#...g.# #......
#@##.g..####.#...#
#.####.g........##
#.# #..####.##.#
#.# #..# #.##.#
#.# #..# #g##. #)#
#..# g# #.# #..#
g# #.. .... .#
#..# ##


You could see a gnoll and a frilled lizard.

Vanquished Creatures
  Jessica (D:3)
  Terence (D:2)
  2 adders (D:2)
  4 orcs (D:2)
  2 bats
  8 endoplasms
  A giant cockroach (D:1)
  5 goblins
  4 hobgoblins
  3 quokkas
  4 ball pythons
  A frilled lizard (D:1)
  7 kobolds
  3 rats
46 creatures vanquished.

Notes
Turn   | Place    | Note
-------+----------+-------------------------------------------
     0 | D:1      | JayTehDuck the Deep Elf Conjurer began the quest for the
                  | Orb.
     0 | D:1      | Reached XP level 1. HP: 10/10 MP: 6/6
   333 | D:1      | You fall into a shaft and drop 1 floor!
   357 | D:2      | Reached XP level 2. HP: 15/15 MP: 5/8
   689 | D:1      | Reached skill level 5 in Conjurations
   846 | D:1      | Gained mutation: You are resistant to electric shocks.
                  | (rElec) [potion of mutation]
   846 | D:1      | Gained mutation: Your magical capacity is low. (-10% MP)
                  | [potion of mutation]
   935 | D:2      | Reached XP level 3. HP: 19/19 MP: 5/9
  1335 | D:2      | Noticed Terence
  1341 | D:2      | Killed Terence
  1342 | D:2      | Reached XP level 4. HP: 16/24 MP: 3/10
  1721 | D:2      | Learned a level 2 spell: Searing Ray
  1774 | D:2      | Lost mutation: Your magical capacity is low. (-10% MP)
                  | [potion of mutation]
  1774 | D:2      | Lost mutation: You are resistant to electric shocks.
                  | (rElec) [potion of mutation]
  1774 | D:2      | Gained mutation: You have hidden genetic potential. [potion
                  | of mutation]
  1774 | D:2      | Lost mutation: You have hidden genetic potential. [potion
                  | of mutation]
  2018 | D:3      | Found a faded altar of an unknown god.
  2059 | D:3      | Found a transporter.
  2059 | D:3      | Noticed a bullfrog
  2061 | D:3      | Found a transporter.
  2061 | D:3      | Noticed a water moccasin
  2199 | D:3      | Noticed Jessica
  2204 | D:3      | Killed Jessica
  2215 | D:3      | Reached skill level 6 in Conjurations
  2332 | D:3      | Slain by a gnoll

Illustrated notes

Levels and vault maps discovered:
D:1:      psy_arrival_dodecagon, layout_loops_ring
D:2:      layout_basic, uniq_terence
D:3:      layout_loops_ring, gammafunk_temple_overflow_arena,
          ebering_ecumenical_altar_hall, uniq_jessica

Skill      XL: |  1  2  3  4 |
---------------+-------------+-----
Conjurations   | 5 6 |  6.0
Spellcasting   | 4 |  4.5
Dodging        | |  2.6
Stealth        | |  2.7

Action                   |  1- 3 |  4- 6 || total
-------------------------+-------+-------++-------
Melee: Unarmed           |       |     9 ||     9
 Cast: Magic Dart        |    60 |    35 ||    95
  Use: Scroll            |     2 |     1 ||     3
       Potion            |     1 |     2 ||     3
Armor: Robe              |     1 |     3 ||     4
Dodge: Dodged            |     8 |     9 ||    17
